 Dungeon Crawl Stone Soup version 0.31-a0-799-g6bc09d010c (webtiles) character file.

Game seed: 8306203241724542860

1598 avis the Ducker (level 8, -3/37 HPs)
             Began as a Felid Shapeshifter on Sept 19, 2023.
             Slain by a wyvern (7 damage)
             ... on level 9 of the Dungeon on Sept 20, 2023.
             The game lasted 00:47:19 (6756 turns).

avis the Ducker (Felid Shapeshifter)                Turns: 6756, Time: 00:47:20

Health: -3/37      AC:  2    Str: 10    XL:     8   Next: 62%
Magic:  9/9        EV: 22    Int: 11    God:
Gold:   271        SH:  0    Dex: 18    Spells: 7/7 levels left
                                        Lives:  0   Deaths: 3

rFire   . .          .
                       - Unarmed
rCold   . . .        (shield unavailable)
rNeg    . . .        (body armour unavailable)
rPois   .            (helmet unavailable)
rElec   .            (cloak unavailable)
rCorr   .            (gloves unavailable)
SInv    +            (boots unavailable)
Will    +....        j - amulet of magic regeneration
Stlth   ++++         (no ring)
HPRegen 0.26/turn    (no ring)
MPRegen 0.51/turn

%: no passive effects
@: beast-form, quick
A: beast (slay +3), very small, claws 1, fangs 3, see invisible, speed 1, shaggy
fur 2, stealthy paws, no weapons or thrown items, no armour, multi-lived
a: Begin Untransformation


You were on level 9 of the Dungeon.
You were a hulking beast.
You visited 1 branch of the dungeon, and saw 9 of its levels.

You collected 271 gold pieces.

Inventory:

Jewellery
 e - an amulet of magic regeneration
 j - an amulet of magic regeneration (around neck)
 k - a ring of fire
 l - a ring of ice
 o - a ring of ice
Talismans
 b - a beast talisman (active)
 c - a flux talisman
Scrolls
 g - 2 scrolls of teleportation {unknown}
 h - a scroll of fear
 i - a scroll of revelation
 n - a scroll of amnesia
 p - a scroll of torment
 r - a scroll of fog
 s - a scroll of poison {unknown}
 t - a scroll of noise {unknown}
 u - 2 scrolls of vulnerability {unknown}
Potions
 a - a potion of lignification
 d - 3 potions of degeneration
 f - 2 potions of enlightenment
 m - a potion of might
 q - a potion of attraction
 v - a potion of mutation
 w - a potion of brilliance


   Skills:
 - Level 5.0 Fighting
 * Level 7.8 Dodging
 + Level 7.5 Stealth
 - Level 5.0 Unarmed Combat
 - Level 5.3 Shapeshifting


You had 7 spell levels left.
You didn't know any spells.
Your spell library contained the following spells:

 Spells                   Type           Power      Damage    Failure   Level
 Magic Dart               Conj           0%         1d3       34%         1
 Searing Ray              Conj           0%         2d4       47%         2
 Fulminant Prism          Conj/Hex       0%         3d5       98%         4


Dungeon Overview and Level Annotations

Branches:
Dungeon (10/15)
 Temple: D:4-7         Lair: D:8-11         Orc: D:9-12

Altars:
Elyvilon
Makhleb
Wu Jian

Shops:
D:5 *

Annotations:
D:5 exclusion: 4 gnolls


Innate Abilities, Weirdness & Mutations

You are a hulking beast.
Your limbs bulge with bestial killing power. (Slay +3)
You have sharp claws.
You have razor-sharp teeth.
You have supernaturally acute eyesight. (SInv)
You cover ground quickly. (Speed+)
You are covered in thick fur. (AC +2)
Your paws help you pounce on unaware monsters.
You are incapable of wielding weapons or throwing items.
You cannot wear armour.
You gain extra lives every three experience levels.


Message History

The steam dragon closely misses you. The steam dragon completely misses you.
You scratch the steam dragon. You bite the steam dragon.
The steam dragon is lightly wounded.
The steam dragon bites you! The steam dragon misses you.
You completely miss the steam dragon.
The steam dragon is lightly wounded.
The steam dragon breathes steam at you. The ball of steam hits you!!
The wyvern hisses angrily.
You hear a howl!
You scratch the steam dragon but do no damage.
The steam dragon is lightly wounded.
You are engulfed in a cloud of scalding steam.
* * * LOW HITPOINT WARNING * * *
The steam dragon bites you.
* * * LOW HITPOINT WARNING * * *
The steam dragon closely misses you.
You claw the steam dragon!
The steam dragon is moderately wounded.
The steam dragon completely misses you. The steam dragon misses you.
You closely miss the steam dragon. Your bite misses the steam dragon.
The steam dragon is moderately wounded.
The steam dragon barely misses you. The steam dragon completely misses you.
You scratch the steam dragon but do no damage.
The steam dragon is moderately wounded.
The steam dragon completely misses you. The steam dragon misses you.
The wyvern bites you but does no damage.
The wyvern misses you.
The howler monkey completely misses you.
The wyvern closely misses you. The howler monkey hits you.
* * * LOW HITPOINT WARNING * * *
The howler monkey hoots and howls with incredible vigour!
You hear a shout!
Found an escape hatch in the floor.
Found 6 gold pieces.
The wyvern barely misses you. The wyvern attacks as it pursues you!
The wyvern barely misses you.
There is an escape hatch in the floor here.
The wyvern bites you!
You die...

.......# ### #####
.......# #.##..........#
.......###..............
........................
######.###.##..........#
#.....##..........#
####..##..........#
##Dh#..........#
#..#.hlh......#
#..D.......$..#
#.............#
#..)..######### #.....#
#.....# #.....# ......#
####..##


You could see a steam dragon, a wyvern and a howler monkey.

Vanquished Creatures
  2 sky beasts
  2 black bears
  An ice beast (D:5)
  A centaur (D:5)
  5 scorpions
  4 jellies
  3 orc priests
  A gnoll bouda (D:6)
  3 hounds
  3 iguanas
  Terence (D:1)
  2 orc wizards
  16 gnolls
  6 adders
  A white imp (D:5)
  2 worms
  A dart slug (D:2)
  8 orcs
  9 ball pythons
  4 endoplasms
  3 giant cockroaches
  5 goblins
  5 hobgoblins
  2 jackals (D:5)
  5 kobolds
  A quokka (D:3)
  3 bats
  3 frilled lizards
  2 rats
104 creatures vanquished.

Notes
Turn   | Place    | Note
-------+----------+-------------------------------------------
     0 | D:1      | avis the Felid Shapeshifter began the quest for the Orb.
     0 | D:1      | Reached XP level 1. HP: 9/9 MP: 2/2
   172 | D:1      | Reached XP level 2. HP: 4/13 MP: 3/3
   608 | D:1      | Found a faded altar of an unknown god.
   744 | D:2      | Noticed Terence
   824 | D:2      | Slain by a gnoll
   840 | D:1      | Killed Terence
   841 | D:1      | Reached skill level 1 in Stealth
   841 | D:1      | Reached XP level 3. HP: 10/17 MP: 4/4
   963 | D:2      | Identified the +5 short sword of the Charming Tiger {elec,
                  | Int+3 Dex+5}
  1102 | D:2      | Found an ornate altar of the Wu Jian Council.
  1269 | D:2      | Reached XP level 4. HP: 21/21 MP: 5/5
  2078 | D:3      | Noticed a scorpion
  2096 | D:3      | Killed a scorpion
  2097 | D:3      | Reached XP level 5. HP: 17/24 MP: 6/6
  2396 | D:3      | Reached skill level 5 in Dodging
  2404 | D:3      | Killed from afar by an orc priest
  2500 | D:3      | Reached skill level 5 in Stealth
  2607 | D:3      | Gained mutation: You are covered in thick fur. (AC +2)
                  | [Felid growth]
  2607 | D:3      | Reached XP level 6. HP: 28/28 MP: 7/7
  2936 | D:4      | Noticed a sky beast
  2948 | D:4      | Killed a sky beast
  3170 | D:4      | Reached XP level 7. HP: 16/31 MP: 8/8
  3477 | D:4      | Found a white marble altar of Elyvilon.
  3961 | D:4      | Reached skill level 5 in Fighting
  4020 | D:5      | Entered Level 5 of the Dungeon
  4631 | D:5      | Slain by an ice beast
  4653 | D:5      | Reached skill level 5 in Unarmed Combat
  4653 | D:5      | Reached XP level 8. HP: 25/37 MP: 9/9
  4817 | D:5      | Found Orenais's Assorted Antiques.
  5832 | D:6      | Reached skill level 5 in Shapeshifting
  6325 | D:6      | Found a burning altar of Makhleb.
  6662 | D:7      | You fall into a shaft and drop 3 floors!
  6662 | D:10     | Entered Level 10 of the Dungeon
  6756 | D:9      | Slain by a wyvern

Illustrated notes

Levels and vault maps discovered:
D:1:      minmay_arrival_four_circles, layout_basic,
          hellmonk_ecumenical_altar_leap_of_faith, hex_intersection
D:2:      layout_loops_cross, basic_altar, grunt_ministairs_11, uniq_terence
D:3:      layout_loops_ring, dk_noncrumbling_3, minmay_quadrilaterals
D:4:      layout_basic, lemuel_doored_altar, nicolae_twisty_statue_hallways
D:5:      layout_basic, serial_shops, nicolae_shop_tiny_statue_garden
D:6:      layout_loops_ring, lemuel_coloured_pillars_altar,
          nicolae_lava_and_water
D:7:      nicolae_BIG_FREAKIN_CUBE, layout_cave_pools,
          grunt_dithmenos_smoke_and_mirrors,
          mainiacjoe_overflow_surrounded_room,
          minmay_temple_entry_statues_fountains, serial_gnoll_camp,
          gnoll_camp_mini_shop, gnoll_camp_mini_shop, gnoll_camp_mini_hut,
          gnoll_camp_huts_basic, minmay_alternating_orb, uniq_pikel, uniq_joseph
D:9:      layout_basic, mainiacjoe_overflow_cross_hatched,
          nicolae_overflow_macrodata_refinement, serial_shops, shop, uniq_grum,
          uniq_jeremiah
D:10:     layout_loops_ring, nicolae_overflow_hidden_temple, uniq_urug

Skill      XL: |  1  2  3  4  5  6  7  8 |
---------------+-------------------------+-----
Fighting       | 2 3 5 |  5.0
Dodging        | 3 4 5 6 7 |  7.8
Stealth        | 2 3 4 5 7 |  7.5
Unarmed Combat | 5 |  5.0
Shapeshifting  | 5 |  5.3

Action                     |  1- 3 |  4- 6 |  7- 9 || total
---------------------------+-------+-------+-------++-------
  Melee: Unarmed           |    66 |   113 |   144 ||   323
         Bite              |     9 |    15 |    22 ||    46
         Punch             |     3 |     3 |     3 ||     9
    Use: Scroll            |       |     2 |     9 ||    11
   Stab: Sleeping          |     4 |     7 |     9 ||    20
         Distracted        |       |       |     1 ||     1
 Armour: Skin              |    16 |    18 |    47 ||    81
  Dodge: Dodged            |    51 |    68 |    98 ||   217

Table legend: (Time is in decaauts)
 A = Elapsed time spent in this place.
 B = Non-inter-level travel time spent in this place.
 C = Inter-level travel time spent in this place.
 D = Time resting spent in this place.
 E = Time spent auto-exploring this place.
 F = Levels seen in this place.
 G = Mean time per level.
                   A        B        C        D        E       F      G
               +--------+--------+--------+--------+--------+-----+--------+
         Total |   5694 |   5050 |    644 |    906 |   2668 |   9 |  632.7 |
       Dungeon |   5694 |   5050 |    644 |    906 |   2668 |   9 |  632.7 |
               +--------+--------+--------+--------+--------+-----+--------+

Top non-repeatable levels by time:
     D:5: 1247 daAuts
     D:4: 1011 daAuts
     D:6: 892 daAuts
     D:3: 891 daAuts
     D:2: 800 daAuts
     D:1: 761 daAuts
    D:10: 41 daAuts
     D:9: 35 daAuts
     D:7: 11 daAuts
